 Dungeon Crawl Stone Soup version 0.23.2-33-g5129a83184 (webtiles) character file.

Game seed: 2798657110661753652

100 eccles the Digger (level 4, -1/25 HPs)
             Began as a Gargoyle Earth Elementalist on June 27, 2019.
             Slain by a scorpion (2 damage)
             ... on level 2 of the Dungeon.
             The game lasted 00:13:08 (1743 turns).

eccles the Digger (Gargoyle Earth Elementalist)     Turns: 1743, Time: 00:13:08

Health: -1/25      AC:  8    Str: 17    XL:     4   Next: 73%
Magic:  8/8        EV: 11    Int: 16    God:
Gold:   90         SH:  0    Dex: 10    Spells: 2/8 levels left

rFire    . . .     SeeInvis .   k - +1 short sword
rCold    . . .     Gourm    .   (no shield)
rNeg     + . .     Faith    .   f - +2 leather armour
rPois    ∞         Spirit   .   (no helmet)
rElec    +         Reflect  .   (no cloak)
rCorr    .         Harm     .   (no gloves)
MR       .....                  (no boots)
Stlth    ++........             (no amulet)
HPRegen  0.08/turn              (no ring)
MPRegen  0.11/turn              (no ring)

@: mighty
A: negative energy resistance 1, electricity resistance, unbreathing,
petrification resistance, rot immunity, AC +3
a: no special abilities


You were on level 2 of the Dungeon.
You were not hungry.

You visited 1 branch of the dungeon, and saw 2 of its levels.

You collected 90 gold pieces.

Inventory:

Hand Weapons
 e - a +0 dagger
 k - a +1 short sword (weapon)
Missiles
 g - 48 arrows
 n - 22 stones (quivered)
 s - 18 bolts
Armour
 c - a +0 robe
 f - a +2 leather armour (worn)
Potions
 b - a potion of berserk rage {unknown}
 i - a potion of flight {unknown}
 l - a potion of curing {unknown}
 m - 2 potions of brilliance
 p - 2 potions of cancellation
Comestibles
 a - 3 chunks of flesh
 d - 5 rations


   Skills:
 * Level 1.0 Fighting
 + Level 1.2 Short Blades
 + Level 1.1 Armour
 + Level 1.8 Dodging
 + Level 2.6 Stealth
 * Level 2.8 Spellcasting
 + Level 0.7 Transmutations
 * Level 4.4 Earth Magic


You had 2 spell levels left.
You knew the following spells:

 Your Spells              Type           Power        Failure   Level  Hunger
a - Sandblast             Erth           ###...       3%          1    #......
b - Passwall              Tmut/Erth      ##......     12%         2    ##.....
c - Stone Arrow           Conj/Erth      #.....       26%         3    ###....

Your spell library contained the following spells:

 Spells                   Type           Power        Failure   Level  Hunger
 Petrify                  Tmut/Erth      ##......     61%         4    #####..
 Lee's Rapid Deconstruct  Erth           ###.......   71%         5    ######.


Dungeon Overview and Level Annotations

Branches:
Dungeon (2/15)

Altars:
Cheibriados


Innate Abilities, Weirdness & Mutations

You are resistant to torment.
Your stone body is resilient. (AC +3)
You are immune to poison.
You resist negative energy. (rN+)
You are resistant to electric shocks. (rElec)
You can survive without breathing.
You are immune to petrification.
You are immune to rotting.


Message History

The bat misses you. The bat barely misses you.
The bat hits you but does no damage. The bat barely misses you.
The bat closely misses you. The bat hits you.
* * * LOW HITPOINT WARNING * * *
Things that are here:
a +0 flail; a +0 leather armour The bat hits you but does no damage.
The bat closely misses you. The bat barely misses you.
You feel very mighty all of a sudden. The bat hits you but does no damage.
The bat closely misses you.
You puncture the bat!
You kill the bat!
You closely miss the scorpion. The scorpion stings you.
* * * LOW HITPOINT WARNING * * *
You completely miss the scorpion.
The scorpion stings you but does no damage.
You closely miss the scorpion. The scorpion stings you.
You die...

#..'....##.#.########
####.......#.# ####..###.#
#......#
#.....################
##########.##.............#
##.≈≈≈....#.##.............#
##.≈≈≈≈≈##.#.##.............#
#..≈≈.≈≈_#.#@##.............#
#..≈≈≈≈≈##.#s##.............#
#.#.≈≈≈..#.#g##.............#
#........#.#l##.............#
########.#.#g##.............#
#.#.#.##.............#
#.#.#................#
#.#.#.####.######'####
#.#...#....# #.....#


You could see a scorpion, 2 gnolls and a frilled lizard.

Vanquished Creatures
  A gnoll (D:2)
  3 adders (D:2)
  A worm (D:2)
  A dart slug (D:2)
  A leopard gecko (D:2)
  3 orcs (D:2)
  11 bats
  A giant cockroach (D:1)
  12 goblins
  4 hobgoblins
  3 frilled lizards
  9 kobolds
  5 rats
55 creatures vanquished.

Notes
Turn   | Place    | Note
-------+----------+-------------------------------------------
     0 | D:1      | eccles the Gargoyle Earth Elementalist began the quest for
                  | the Orb.
     0 | D:1      | Reached XP level 1. HP: 10/10 MP: 3/3
   121 | D:1      | Reached XP level 2. HP: 9/15 MP: 5/5
   159 | D:1      | Reached skill level 4 in Earth Magic
   583 | D:1      | Reached XP level 3. HP: 14/19 MP: 3/6
  1112 | D:2      | Learned a level 2 spell: Passwall
  1116 | D:2      | Learned a level 3 spell: Stone Arrow
  1263 | D:2      | Reached skill level 1 in Armour
  1337 | D:2      | Reached XP level 4. HP: 21/24 MP: 5/7
  1348 | D:2      | Found a snail-covered altar of Cheibriados.
  1394 | D:2      | Reached skill level 1 in Short Blades
  1678 | D:2      | Reached skill level 1 in Fighting
  1741 | D:2      | HP: 1/25 [scorpion (3)]
  1743 | D:2      | Slain by a scorpion

Skill      XL: |  1  2  3  4 |
---------------+-------------+-----
Earth Magic    | 4 |  4.4
Armour         | 1 |  1.1
Short Blades   | 1 |  1.2
Fighting       | 1 |  1.0
Dodging        | |  1.8
Stealth        | |  2.6
Spellcasting   | |  2.8
Transmutations | |  0.7

Action                   |  1- 3 |  4- 6 || total
-------------------------+-------+-------++-------
Melee: Dagger            |    20 |       ||    20
       Short sword       |    82 |    39 ||   121
 Cast: Sandblast         |    32 |     4 ||    36
       Stone Arrow       |     2 |     3 ||     5
  Use: Scroll            |    10 |     1 ||    11
       Potion            |       |     1 ||     1
 Stab: Sleeping          |     2 |       ||     2
  Eat: Chunk             |     2 |     2 ||     4
Armor: Robe              |     3 |       ||     3
       Leather armour    |    32 |    19 ||    51
Dodge: Dodged            |    66 |    31 ||    97
